 Dungeon Crawl Stone Soup version 0.21.1-1-g345015f (webtiles) character file.

103 Kandryn the Cudgeler (level 4, -4/45 HPs)
             Began as a Troll Berserker on June 22, 2018.
             Was a Believer of Trog.
             Killed from afar by an orc wizard (8 damage)
             ... with a puff of flame
             ... on level 3 of the Dungeon.
             The game lasted 00:04:20 (1485 turns).

Kandryn the Cudgeler (Troll Berserker)              Turns: 1485, Time: 00:04:20

Health: -4/45      AC:  5    Str: 26    XL:     4   Next: 51%
Magic:  3/3        EV: 10    Int:  3    God:    Trog [**....]
Gold:   122        SH:  0    Dex:  9    Spells: 3/3 levels left

rFire    . . .     SeeInvis .   a - +1 mace
rCold    . . .     Gourm    +   (no shield)
rNeg     . . .     Faith    .   b - +0 animal skin
rPois    .         Spirit   .   (helmet restricted)
rElec    .         Reflect  .   (no cloak)
rCorr    .         Harm     .   (gloves unavailable)
MR       .....                  (boots unavailable)
Stlth    +.........             (no amulet)
HPRegen  0.55/turn              (no ring)
MPRegen  0.08/turn              (no ring)

@: no status effects
A: large, unfitting armour, claws 3, fast metabolism 3, gourmand, regeneration
1, shaggy fur 1, tough skin 2
a: Berserk, Trog's Hand, Burn Spellbooks, Renounce Religion


You were on level 3 of the Dungeon.
You worshipped Trog.
Trog was pleased with you.
You were very full.

You visited 1 branch of the dungeon, and saw 3 of its levels.

You collected 122 gold pieces.

Inventory:

Hand Weapons
 a - a +1 mace (weapon)
Armour
 b - a +0 animal skin (worn)
Jewellery
 f - an uncursed ring of flight {unknown}
Scrolls
 d - 3 scrolls of remove curse {unknown}
 g - 3 scrolls of teleportation
 h - 3 scrolls of noise {unknown}
 l - a scroll of identify
Potions
 e - 2 potions of curing
 j - 2 potions of mutation {unknown}
 k - 2 potions of flight {unknown}
 n - a potion of cancellation {unknown}
Books
 i - a book of Misfortune

   Spells                             Type                      Level
   a - Confusing Touch                Hexes                        1
   b - Confuse                        Hexes                        3
   c - Gell's Gravitas                Translocation                3
   d - Petrify                        Transmutation/Earth          4
   e - Metabolic Englaciation         Hexes/Ice                    5
   f - Yara's Violent Unravelling     Hexes/Transmutation          5
   Trog disapproves of the use of such an item.
Comestibles
 c - 5 rations
 m - 5 chunks of flesh


   Skills:
 + Level 3.1 Fighting
 + Level 3.7 Maces & Flails
 + Level 3.1 Dodging


You had 3 spell levels left.
You didn't know any spells.

Dungeon Overview and Level Annotations

Branches:
Dungeon (3/15)

Altars:
Cheibriados
Elyvilon
Trog
Yredelemnul

Annotations:
D:3 Robin


Innate Abilities, Weirdness & Mutations

You are too large for most types of armour.
You have claws for hands.
Your metabolism is lightning-fast.
You like to eat raw meat.
Your natural rate of healing is unusually fast.
You are covered in fur. (AC +1)
You have very tough skin. (AC +2)


Message History

The adder is severely wounded.
The adder bites you but does no damage. The adder bites you.
* * * LOW HITPOINT WARNING * * *
You hit the adder.
You kill the adder!
Trog accepts your kill. Something hits you.
* * * LOW HITPOINT WARNING * * *
Robin roars a battlecry!
The hobgoblin goes into a battle-frenzy!
You hear a shout!
A magic dart appears from out of thin air!
The magic dart hits you!
* * * LOW HITPOINT WARNING * * *
Robin zaps a wand.
The puff of flame misses you.
It is a wand of flame (19).
Found a stone staircase leading up.
You hear some strange, mumbled words.
A puff of flame appears from out of thin air!
The puff of flame hits you!
You die...

#.# #.......# #.#
#.......# #.#
#.#.).†.# ##.####
##.#.....# <..)..#
#....##..#####
......#
###..##g.....#
##.####
#<.###g###.#
......+ ###..# #S#
#.# ##....# #...@#
#)# #.# ...####
####.# #)# #.#
##.##### #.#
#.###.## #.....#
####.###.##...#####
####.##
#....g.g..........#
##.##
###########...###.#
##.# #...## #.##
#.### #..# #.#


You could see Robin.

Vanquished Creatures
  4 adders
  An ooze (D:2)
  2 worms (D:2)
  A leopard gecko (D:2)
  3 orcs (D:3)
  2 bats
  3 giant cockroaches (D:1)
  15 goblins
  7 hobgoblins
  2 ball pythons
  2 frilled lizards (D:1)
  A jackal skeleton (D:3)
  4 kobolds
  3 rats
50 creatures vanquished.

Notes
Turn   | Place    | Note
-------+----------+-------------------------------------------
     0 | D:1      | Kandryn the Troll Berserker began the quest for the Orb.
     0 | D:1      | Reached XP level 1. HP: 22/22 MP: 0/0
   148 | D:1      | Reached XP level 2. HP: 25/29 MP: 1/1
   673 | D:2      | Reached XP level 3. HP: 27/36 MP: 2/2
   701 | D:2      | Reached ** piety under Trog
   725 | D:2      | Found a basalt altar of Yredelemnul.
   789 | D:2      | Found a bloodstained altar of Trog.
  1080 | D:2      | Found a white marble altar of Elyvilon.
  1173 | D:2      | Found a snail-covered altar of Cheibriados.
  1247 | D:2      | Reached XP level 4. HP: 45/45 MP: 3/3
  1448 | D:3      | Noticed Robin
  1481 | D:3      | HP: 2/45 [something/magic dart (6)]
  1485 | D:3      | Killed from afar by an orc wizard

Skill      XL: |  1  2  3 |
---------------+----------+-----
Maces & Flails | 3 |  3.7
Dodging        | 3 |  3.1
Fighting       | 3 |  3.1

Action                   |  1- 3 |  4- 6 || total
-------------------------+-------+-------++-------
Melee: Mace              |   109 |    50 ||   159
  Use: Scroll            |     3 |       ||     3
 Stab: Sleeping          |     1 |       ||     1
  Eat: Chunk             |    17 |     2 ||    19
Armor: Animal skin       |    44 |    19 ||    63
Dodge: Dodged            |    72 |    38 ||   110
